 Dungeon Crawl Stone Soup version 0.19.0-2-gae57169 (webtiles) character file.

715 MovingMist the Skirmisher (level 7, -8/44 HPs)
             Began as a Gargoyle Fighter on Nov 6, 2016.
             Mangled by an orc warrior
             ... wielding a +1 flail of protection
              (19 damage)
             ... on level 7 of the Dungeon.
             The game lasted 00:13:46 (3891 turns).

MovingMist the Skirmisher (Gargoyle Fighter)        Turns: 3891, Time: 00:13:47

Health: -8/44      AC: 15    Str: 20      XL:     7   Next: 69%
Magic:  7/7        EV:  6    Int:  9      God:
Gold:   244        SH:  9    Dex:  9 (10) Spells: 0 memorised, 6 levels left

rFire  . . .     SeeInvis .     v - +0 whip (venom)
rCold  + . .     Gourm    .     F - +1 chain mail
rNeg   + . .     Faith    .     c - +0 shield
rPois  ∞         Spirit   .     (no helmet)
rElec  +         Reflect  .     (no cloak)
rCorr  .         Harm     .     (no gloves)
MR     +....                    (no boots)
Stlth  ..........               (no amulet)
                                E - ring of protection from cold
                                i - ring of protection from magic

@: no status effects
A: negative energy resistance 1, electricity resistance, unbreathing,
petrification resistance, rot immunity, AC +4
a: no special abilities


You were on level 7 of the Dungeon.
You were hungry.

You visited 1 branch of the dungeon, and saw 6 of its levels.

You collected 244 gold pieces.

Inventory:

Hand Weapons
 v - a +0 whip of venom (weapon)
Missiles
 n - 5 tomahawks (quivered)
 y - a throwing net
Armour
 c - a +0 shield (worn)
 F - a +1 chain mail (worn)
Jewellery
 b - a +1 ring of evasion {unknown}
 i - a ring of protection from magic (left hand)
 k - an uncursed ring of protection from magic
 E - a ring of protection from cold (right hand)
Scrolls
 g - a scroll of remove curse
 m - a scroll of amnesia
 q - a scroll of fog {unknown}
Potions
 a - a potion of heal wounds
 d - a potion of might
 e - a potion of curing {unknown}
 h - a potion of resistance {unknown}
 j - 2 potions of flight {unknown}
 l - 2 potions of ambrosia {unknown}
 o - 2 potions of magic {unknown}
 p - a potion of agility {unknown}
 s - a potion of haste {unknown}
 w - 3 potions of lignification {unknown}
Comestibles
 f - 2 bread rations
 r - 3 meat rations
 u - a slice of pizza
 D - a beef jerky


   Skills:
 - Level 5.3 Fighting
 * Level 5.1 Maces & Flails
 + Level 5.2 Armour
 - Level 1.0 Dodging
 + Level 5.1 Shields


You had 6 spell levels left.
You didn't know any spells.

Dungeon Overview and Level Annotations

Branches:
Dungeon (5/15)
 Temple: D:4-7

Altars:
Sif Muna
Yredelemnul

Shops:
D:5 (


Innate Abilities, Weirdness & Mutations

You are resistant to torment.
Your stone body is resilient. (AC +4)
You are immune to poison.
You resist negative energy. (rN+)
You are resistant to electric shocks. (rElec)
You can survive without breathing.
You are immune to petrification.
You are immune to rotting.


Message History

The orc warrior looks as sick as possible!
The orc warrior is moderately wounded.
Your shield and chain mail prevent you from hitting the orc warrior.
The orc warrior is heavily wounded.
You block the orc warrior's attack.
You hit the orc warrior but do no damage.
The orc warrior looks as sick as possible!
The orc warrior is heavily wounded.
The orc warrior hits you with a flail of protection.
* * * LOW HITPOINT WARNING * * *
You closely miss the orc warrior.
The orc warrior is severely wounded.
You hit the orc warrior but do no damage.
The orc warrior looks as sick as possible!
The orc warrior is severely wounded.
You block the orc warrior's attack.
Your shield and chain mail prevent you from hitting the orc warrior.
The orc warrior is severely wounded.
The orc warrior hits you with a flail of protection!!
You die...

#.# #.# #.#.#
#.#.# #.#.#
#.#{# # #.#o#
#.#.#@# #.#.#.##
#......#
###.#### #.#
##############.#
...............#
################


You could see an orc warrior.

Vanquished Creatures
  The ghost of Philosophy the Bolt Thrower, an amateur CeHu (D:3)
  A centaur (D:7)
  A crimson imp (D:5)
  A quasit (D:7)
  An orc priest (D:7)
  4 orc wizards
  2 iguanas (D:4)
  2 worker ants (D:4)
  6 gnolls
  4 adders
  2 oozes
  5 worms
  3 dart slugs (D:1)
  5 leopard geckos
  8 orcs
  10 bats
  2 giant cockroaches (D:2)
  6 goblins
  6 hobgoblins
  18 jackals
  10 kobolds
  5 quokkas
  A ball python (D:3)
  5 frilled lizards
  A leopard gecko zombie (D:7)
  A quokka skeleton (D:4)
  5 rats
116 creatures vanquished.

Notes
Turn   | Place    | Note
-------+----------+-------------------------------------------
     0 | D:1      | MovingMist the Gargoyle Fighter began the quest for the Orb.
     0 | D:1      | Reached XP level 1. HP: 14/14 MP: 1/1
    29 | D:1      | Reached XP level 2. HP: 18/19 MP: 2/2
   146 | D:1      | Reached skill level 1 in Dodging
   404 | D:1      | Reached XP level 3. HP: 24/24 MP: 3/3
  1145 | D:2      | Reached XP level 4. HP: 24/29 MP: 4/4
  1783 | D:3      | Reached XP level 5. HP: 5/33 MP: 5/5
  1868 | D:3      | Noticed Philosophy's ghost (amateur CeHu)
  2127 | D:3      | Killed Philosophy's ghost
  2127 | D:3      | Reached XP level 6. HP: 18/40 MP: 6/6
  2147 | D:3      | Found a deep blue altar of Sif Muna.
  2171 | D:3      | Reached skill level 5 in Fighting
  3237 | D:4      | Reached XP level 7. HP: 29/44 MP: 7/7
  3674 | D:5      | Entered Level 5 of the Dungeon
  3689 | D:5      | Found Hinoleant's Antique Weapon Emporium.
  3697 | D:5      | Found a basalt altar of Yredelemnul.
  3715 | D:5      | Reached skill level 5 in Armour
  3743 | D:5      | You fall through a shaft for 2 floors!
  3753 | D:7      | Reached skill level 5 in Shields
  3784 | D:7      | Reached skill level 5 in Maces & Flails
  3891 | D:7      | Mangled by an orc warrior

Skill      XL: |  1  2  3  4  5  6  7 |
---------------+----------------------+-----
Dodging        | 1 |  1.0
Fighting       | 4 5 |  5.3
Armour         | 4 5 |  5.2
Maces & Flails | 3 4 5 |  5.1
Shields        | 4 5 |  5.1

Action                   |  1- 3 |  4- 6 |  7- 9 || total
-------------------------+-------+-------+-------++-------
Melee: Flail             |   121 |    75 |       ||   196
       Whip              |       |   279 |   111 ||   390
  Use: Scroll            |       |    10 |       ||    10
  Eat: Chunk             |     1 |     7 |     2 ||    10
Armor: Scale mail        |    74 |   154 |       ||   228
       Chain mail        |       |    49 |    62 ||   111
Dodge: Dodged            |    48 |    93 |    16 ||   157
Block: Shield            |    62 |   184 |    51 ||   297
